 Dungeon Crawl Stone Soup version 0.28-b1-25-g9875b3fc8c (webtiles) character file.

Game seed: 3068204775825353077

423 cbfl8 the Sneak (level 6, -2/56 HPs)
             Began as a Minotaur Delver on Feb 2, 2022.
             Slain by an orc (5 damage)
             ... on level 5 of the Dungeon.
             The game lasted 00:06:56 (3530 turns).

cbfl8 the Sneak (Minotaur Delver)                   Turns: 3530, Time: 00:06:57

Health: -2/56      AC:  9    Str: 19    XL:     6   Next: 63%
Magic:  5/5        EV:  8    Int:  7    God:
Gold:   172        SH:  0    Dex: 11    Spells: 5/5 levels left

rFire   + . .      SeeInvis .   q - +1 whip (elec)
rCold   x . .      Faith    .   (no shield)
rNeg    . . .      Spirit   .   u - +0 chain mail
rPois   .          Reflect  .   (helmet restricted)
rElec   .          Harm     .   l - +0 cloak
rCorr   .          Rampage  .   (no gloves)
Will    .....                   (no boots)
Stlth   ..........              (no amulet)
HPRegen 0.18/turn               k - ring of fire
MPRegen 0.09/turn               (no ring)

@: flying
A: horns 2, retaliatory headbutt
a: no special abilities


You were on level 5 of the Dungeon.
You visited 1 branch of the dungeon, and saw 5 of its levels.

You collected 172 gold pieces.

Inventory:

Hand Weapons
 a - a +0 hand axe
 q - a +1 whip of electrocution (weapon)
 r - a +0 dagger of speed
Armour
 b - a +0 leather armour
 l - a +0 cloak (worn)
 n - a +0 ring mail
 u - a +0 chain mail (worn)
Jewellery
 k - a ring of fire (left hand)
Wands
 g - a wand of digging (3)
Scrolls
 c - a scroll of fog
 d - a scroll of magic mapping
 e - a scroll of fear
 h - a scroll of teleportation {unknown}
 j - a scroll of silence {unknown}
 m - 2 scrolls of amnesia {unknown}
 o - 2 scrolls of noise {unknown}
 s - a scroll of summoning {unknown}
 t - 3 scrolls of identify {unknown}


   Skills:
 + Level 5.0 Fighting
 + Level 3.5(4.0) Axes
 + Level 2.6(3.5) Maces & Flails
 + Level 1.8 Armour
 + Level 3.4 Dodging
 + Level 5.7 Stealth


You had 5 spell levels left.
You didn't know any spells.
Your spell library was empty.

Dungeon Overview and Level Annotations

Branches:
Dungeon (5/15)
 Temple: D:4-7

Altars:
Trog

Annotations:
D:3 3 runed translucent doors, crazypyro's ghost, weakling DsFE


Innate Abilities, Weirdness & Mutations

You have a pair of horns on your head.
You reflexively headbutt those who attack you in melee.


Message History

The ogre hits you with a +0 giant club!
The orc hits you with a +1 flail of protection.
You barely miss the ogre. You headbutt the ogre.
The ogre is moderately wounded.
The ogre barely misses you. The orc closely misses you.
You hit the ogre.
You headbutt the ogre, but do no damage.
Your punch misses the ogre.
The ogre is moderately wounded.
The orc closely misses you. You furiously retaliate!
You headbutt the orc!
You kill the orc!
The orc barely misses you. You furiously retaliate!
You headbutt the orc. You hit the ogre.
The ogre is heavily wounded.
The ogre hits you with a +0 giant club!
* * * LOW HITPOINT WARNING * * *
The orc hits you with a +1 flail of protection.
* * * LOW HITPOINT WARNING * * *
It was a potion of flight.
You feel very buoyant.
You fly up into the air.
The orc hits you but does no damage. The ogre hits you with a +0 giant club!
* * * LOW HITPOINT WARNING * * *
The orc hits you but does no damage. x2
It was a potion of heal wounds.
You feel much better.
The orc hits you with a +0 short sword. x2
The orc hits you with a +1 flail of protection.
The ogre hits you with a +0 giant club!
* * * LOW HITPOINT WARNING * * *
You whack the ogre! Lightning courses through the ogre!
You kill the ogre!
The orc completely misses you. The orc hits you with a +0 short sword.
* * * LOW HITPOINT WARNING * * *
The orc barely misses you.
Your Fighting skill increases to level 5!
You barely miss the orc. Your headbutt misses the orc.
The orc hits you but does no damage. The orc hits you with a +0 short sword.
* * * LOW HITPOINT WARNING * * *
The orc hits you with a +1 flail of protection.
You die...

##...... ##......#
##.......##
##.........# .
###.$...$....#
.###............##
.................#
...............o.##
#.......(.....)@.##
#............oo..#
#...............<##
###.................###
#...............###...#
.....#.......#### ##.##
.....##......## ###
.....####.....#########
###..## ##........##..#


You could see 3 orcs.

Vanquished Creatures
  An ogre (D:5)
  A phantom (D:4)
  2 water moccasin skeletons
  An orc wizard (D:4)
  2 hound skeletons
  2 gnolls (D:4)
  4 adders
  2 worms (D:2)
  An orc (D:5)
  4 endoplasms
  6 giant cockroaches
  10 goblins
  4 hobgoblins
  4 jackals (D:2)
  2 quokkas
  4 ball pythons
  2 bats (D:2)
  2 frilled lizards
  6 kobolds
  9 rats
69 creatures vanquished.

Notes
Turn   | Place    | Note
-------+----------+-------------------------------------------
     0 | D:5      | cbfl8 the Minotaur Delver began the quest for the Orb.
     0 | D:5      | Reached XP level 1. HP: 19/19 MP: 0/0
   110 | D:4      | Reached XP level 2. HP: 27/27 MP: 1/1
   349 | D:3      | Reached XP level 3. HP: 17/33 MP: 2/2
   553 | D:3      | Found a faded altar of an unknown god.
   628 | D:3      | Found a runed translucent gate.
   632 | D:3      | Found a runed translucent gate.
   633 | D:3      | Found a runed translucent gate.
   633 | D:3      | Noticed a kobold brigand
   634 | D:3      | Noticed crazypyro's ghost (weakling DsFE)
   695 | D:3      | Reached skill level 5 in Stealth
   695 | D:3      | Reached XP level 4. HP: 18/40 MP: 3/3
   888 | D:2      | Found a bloodstained altar of Trog.
  1245 | D:1      | Reached skill level 1 in Armour
  1897 | D:2      | Reached XP level 5. HP: 42/47 MP: 4/4
  2855 | D:4      | Noticed a phantom
  2880 | D:4      | Killed a phantom
  2881 | D:4      | Reached skill level 1 in Maces & Flails
  3377 | D:4      | Reached XP level 6. HP: 46/55 MP: 5/5
  3527 | D:5      | HP: 1/55 [ogre (12)]
  3530 | D:5      | Reached skill level 5 in Fighting
  3530 | D:5      | Slain by an orc

Illustrated notes

Levels and vault maps discovered:
D:1:      lightli_arrival_lavapool, layout_loops_ring
D:2:      layout_basic, basic_altar
D:3:      layout_basic, gammafunk_ghost_nasty_kobolds,
          shapermc_ecumenical_altar_totnotflames
D:4:      layout_basic
D:5:      layout_layer_cave, nicolae_figureground_pulse

Skill      XL: |  1  2  3  4  5  6 |
---------------+-------------------+-----
Fighting       | 4 5 |  5.0
Stealth        | 5 |  5.7
Axes           | 3 |  3.5
Armour         | 1 |  1.8
Maces & Flails | 1 2 |  2.6
Dodging        | 3 |  3.4

Action                   |  1- 3 |  4- 6 || total
-------------------------+-------+-------++-------
Melee: Hand axe          |    38 |    28 ||    66
       Headbutt          |     2 |    13 ||    15
       Whip              |       |    79 ||    79
       Punch             |       |     1 ||     1
  Use: Potion            |       |     3 ||     3
 Stab: Sleeping          |     2 |     7 ||     9
       Distracted        |       |     1 ||     1
Armor: Leather armour    |     9 |       ||     9
       Skin              |     1 |    10 ||    11
       Chain mail        |       |    11 ||    11
Dodge: Dodged            |    22 |    80 ||   102
